 Dungeon Crawl Stone Soup version 0.27-a0-652-g2d5cf1dcd3 (webtiles) character file.

Game seed: 16813732559623724893

21 Dreamer the Insei (level 2, -2/18 HPs)
             Began as an Octopode Transmuter on Mar 16, 2021.
             Slain by a kobold
             ... wielding a +0 dagger
              (5 damage)
             ... on level 1 of the Dungeon.
             The game lasted 00:02:25 (490 turns).

Dreamer the Insei (Octopode Transmuter)              Turns: 490, Time: 00:02:26

Health: -2/18      AC:  1    Str:  9    XL:     2   Next: 87%
Magic:  5/5        EV: 13    Int: 15    God:
Gold:   8          SH:  0    Dex: 12    Spells: 4/5 levels left

rFire    . . .     SeeInvis .   d - +2 dagger (drain)
rCold    . . .     Faith    .   (no shield)
rNeg     . . .     Spirit   .   (helmet restricted)
rPois    .         Reflect  .   (no amulet)
rElec    .         Harm     .   (no ring)
rCorr    .         Rampage  .   (no ring)
Will     .....                  (no ring)
Stlth    ++........             (no ring)
HPRegen  0.06/turn              (no ring)
MPRegen  0.09/turn              (no ring)
                                (no ring)
                                (no ring)

@: no status effects
A: almost no armour, amphibious, 8 rings, camouflage 1, gelatinous body 1,
nimble swimmer 1, tentacles
a: no special abilities


You were on level 1 of the Dungeon.
You visited 1 branch of the dungeon, and saw 1 of its levels.

You collected 8 gold pieces.

Inventory:

Hand Weapons
 d - a +2 dagger of draining (weapon)
Scrolls
 a - a scroll of fog {unknown}
 b - a scroll of identify {unknown}
 c - a scroll of teleportation {unknown}
 f - a scroll of enchant armour {unknown}
Potions
 e - a potion of curing {unknown}


   Skills:
 + Level 1.5 Fighting
 + Level 2.3 Dodging
 * Level 3.5 Unarmed Combat
 - Level 2.0 Spellcasting
 - Level 2.0 Transmutations


You had 4 spell levels left.
You knew the following spells:

 Your Spells              Type           Power      Damage    Failure   Level
a - Beastly Appendage     Tmut           14%        N/A       10%         1

Your spell library contained the following spells:

 Spells                   Type           Power      Damage    Failure   Level
 Wereblood                Tmut           7%         N/A       14%         2
 Spider Form              Tmut/Pois      2%         N/A       41%         3
 Ice Form                 Ice/Tmut       4%         N/A       82%         4
 Blade Hands              Tmut           3%         N/A       95%         5


Dungeon Overview and Level Annotations

Branches:
Dungeon (1/15)

Altars:


Innate Abilities, Weirdness & Mutations

You cannot wear most types of armour.
You are amphibious.
You can wear up to eight rings at the same time.
Your skin changes colour to match your surroundings (Stealth+).
Your rubbery body absorbs attacks. (AC +1, EV +1)
You are stealthy while swimming. (Stealth+)
You have tentacles for arms and can constrict up to eight enemies at once.


Message History

You hit the kobold. You drain the kobold.
You kill the kobold!
You barely miss the kobold. Your grab misses the kobold.
You squeeze the kobold, but do no damage.
The kobold completely misses you.
You hit the kobold. You drain the kobold.
You kill the kobold!
You hit the frilled lizard.
You kill the frilled lizard!
You hit the kobold.
You kill the kobold!
Items here: )) †††.
A dart slug is nearby!
A kobold comes into view. It is wielding a +0 dagger.
The kobold shouts!
The kobold drinks a potion.
The kobold seems to speed up.
You hit the dart slug but do no damage. You grab the dart slug.
You constrict the dart slug. The dart slug misses you.
You hit the dart slug. You drain the dart slug.
The dart slug is severely wounded.
You constrict the dart slug. The dart slug launches a dart at you.
The slug dart hits you.
You release your grip on the dart slug.
You hit the dart slug.
You kill the dart slug!
The kobold hits you with a +0 dagger.
You hit the kobold but do no damage. Your grab misses the kobold.
The kobold closely misses you. x2
You hit the kobold. You drain the kobold. Your grab misses the kobold.
Your squeeze misses the kobold.
The kobold is severely wounded.
The kobold hits you with a +0 dagger.
* * * LOW HITPOINT WARNING * * *
You hit the kobold but do no damage. Your grab misses the kobold.
The kobold is severely wounded.
The kobold hits you with a +0 dagger.
* * * LOW HITPOINT WARNING * * *
The kobold hits you with a +0 dagger.
You die...

#.....###...##........#.....#...#
##........#.##††.........#.>...##
##..#...#..##)#.#.###.#..##..##
#..###.........#.#..........###
#.. ###.#.....#....######....#
#####.#..........[..###.##..
.....................##.###.
...................†........
#.###.#...†@............####
.......K...............##
###.#.....................
#.#$#.#...............#.#...
#.### #...............#.#### w...
.......................
#.#......##...........##
.....##################


You could see a kobold (fast, drained).

Vanquished Creatures
  A dart slug (D:1)
  A leopard gecko (D:1)
  5 bats (D:1)
  A goblin (D:1)
  A hobgoblin (D:1)
  3 frilled lizards (D:1)
  4 kobolds (D:1)
  4 rats (D:1)
20 creatures vanquished.

Notes
Turn   | Place    | Note
-------+----------+-------------------------------------------
     0 | D:1      | Dreamer the Octopode Transmuter began the quest for the
                  | Orb.
     0 | D:1      | Reached XP level 1. HP: 13/13 MP: 3/3
   228 | D:1      | Reached XP level 2. HP: 18/18 MP: 5/5
   490 | D:1      | Slain by a kobold

Illustrated notes

Levels and vault maps discovered:
D:1:      dpeg_arrival_pits, layout_rooms, minmay_surrounded

Action                   || total
-------------------------++-------
Melee: Unarmed           ||    23
       Constrict         ||     6
       Tentacles         ||     3
       Dagger            ||    21
 Stab: Sleeping          ||     1
Armor: Skin              ||     5
Dodge: Dodged            ||    26

Table legend: (Time is in decaauts)
 A = Elapsed time spent in this place.
 B = Non-inter-level travel time spent in this place.
 C = Inter-level travel time spent in this place.
 D = Time resting spent in this place.
 E = Time spent auto-exploring this place.
 F = Levels seen in this place.
 G = Mean time per level.
                   A        B        C        D        E       F      G
               +--------+--------+--------+--------+--------+-----+--------+
         Total |    488 |    488 |      0 |     59 |    283 |   1 |  488.0 |
       Dungeon |    488 |    488 |      0 |     59 |    283 |   1 |  488.0 |
               +--------+--------+--------+--------+--------+-----+--------+

Top non-repeatable levels by time:
     D:1: 488 daAuts
